 Dungeon Crawl Stone Soup version 0.31-a0-960-g0fca184906 (webtiles) character file.

Game seed: 5437116430387921833

765 Arzdou the Magician (level 7, -1/36 HPs)
             Began as a Deep Elf Ice Elementalist on Oct 23, 2023.
             Killed from afar by an orc wizard (4 damage)
             ... with a puff of flame
             ... on level 4 of the Dungeon.
             The game lasted 00:07:22 (3898 turns).

Arzdou the Magician (Deep Elf Ice Elementalist)     Turns: 3898, Time: 00:07:22

Health: -1/36      AC:  3    Str:  5    XL:     7   Next: 51%
Magic:  19/20      EV: 12    Int: 22    God:
Gold:   169        SH:  0    Dex: 15    Spells: 12/21 levels left

rFire   . . .        a - +0 rapier
rCold   . . .        (no shield)
rNeg    . . .        d - +0 robe
rPois   .            (no helmet)
rElec   .            w - scarf {shadows}
rCorr   .            f - +0 pair of gloves
SInv    .            (no boots)
Will    .....        (no amulet)
Stlth   ++           (no ring)
HPRegen 0.26/turn    (no ring)
MPRegen 0.17/turn

%: no passive effects
@: no status effects
A: no striking features
a: no special abilities


You were on level 4 of the Dungeon.
You visited 1 branch of the dungeon, and saw 4 of its levels.

You collected 169 gold pieces.

Inventory:

Hand Weapons
 a - a +0 rapier (weapon)
 b - a +0 sling
Armour
 d - a +0 robe (worn)
 f - a +0 pair of gloves (worn)
 w - a scarf of shadows (worn)
Wands
 q - a wand of light (7)
 r - a wand of flame (5)
Scrolls
 c - 2 scrolls of poison {unknown}
 h - a scroll of noise {unknown}
 j - a scroll of silence {unknown}
 k - a scroll of vulnerability {unknown}
 l - a scroll of blinking {unknown}
 m - a scroll of enchant armour {unknown}
 o - a scroll of fog {unknown}
 p - 2 scrolls of amnesia {unknown}
 t - a scroll of identify {unknown}
 u - a scroll of butterflies {unknown}
Potions
 e - a potion of degeneration {unknown}
 g - 2 potions of attraction {unknown}
 i - a potion of mutation {unknown}
 n - 3 potions of magic
 s - a potion of cancellation {unknown}
 v - a potion of brilliance {unknown}


   Skills:
 - Level 2.4 Dodging
 - Level 2.4 Stealth
 + Level 7.9 Spellcasting
 + Level 3.2 Hexes
 + Level 7.5 Ice Magic


You had 12 spell levels left.
You knew the following spells:

 Your Spells              Type           Power      Damage    Failure   Level
a - Freeze                Ice            100%       1d10      1%          1
b - Frozen Ramparts       Ice            84%        1d13      1%          3
c - Ozocubu's Armour      Ice            42%        N/A       1%          3
d - Jinxbite              Hex            46%        N/A       3%          2

Your spell library contained the following spells:

 Spells                   Type           Power      Damage    Failure   Level
 Slow                     Hex            92%        N/A       1%          1
 Confusing Touch          Hex            23%        N/A       6%          3
 Sigil of Binding         Hex            23%        N/A       6%          3
 Apportation              Tloc           16%        N/A       8%          1
 Summon Ice Beast         Ice/Summ       25%        N/A       16%         4
 Vampiric Draining        Necr           8%         2d6       22%         3
 Alistair's Intoxication  Tmut/Pois      5%         N/A       91%         5


Dungeon Overview and Level Annotations

Branches:
Dungeon (4/15)
 Temple: D:4-7

Altars:


Message History

The orc wizard misses you.
You closely miss the orc wizard.
The orc wizard is almost dead.
The orc wizard casts a spell at you.
You easily resist.
The orc wizard hits you with a +0 dagger.
You closely miss the orc wizard.
The orc wizard is almost dead.
The orc wizard gestures at you while chanting.
The puff of flame hits you!
You bump into the rock wall.
You feel less confused.
The orc wizard gestures wildly while chanting.
The orc wizard flickers and vanishes!
Deactivating autopickup; reactivate with Ctrl-A.
a - a +0 rapier (weapon)
You hear some strange, mumbled words.
A magic dart appears from out of thin air!
The magic dart hits you!
You miss something. Something hits you.
You closely miss something. Something hits you but does no damage.
You miss something.
You hear some strange, mumbled words.
A magic dart appears from out of thin air!
The magic dart hits you but does no damage.
You hear some strange, mumbled words.
Something tries to affect you, but you resist.
You closely miss something.
You hear some strange, mumbled words.
A magic dart appears from out of thin air!
The magic dart hits you!
* * * LOW HITPOINT WARNING * * *
You miss something. Something hits you but does no damage.
You hit something but do no damage. Something hits you.
* * * LOW HITPOINT WARNING * * *
You closely miss something.
You hear some strange, mumbled words.
A puff of flame appears from out of thin air!
The puff of flame hits you.
You die...

####.#### #............
#>...)..# ##.......#..#
#†##.##.######.#####.....
#.#.......##.....# ######
#.#.#.#.#.##.....# #
#.#.#.#.#.##.....# #
#.......#.##.....# #
###.##.##.##.....# #
#...o{@.######## #
####.#### # ... . #.# #


You could see an orc.

Vanquished Creatures
  Eustachio (D:4)
  A black bear (D:4)
  An ogre (D:3)
  2 scorpions
  A hound (D:4)
  A sleepcap (D:4)
  Jessica (D:2)
  Ijyb (D:4)
  Natasha (twice) (D:4)
  Robin (D:3)
  3 gnolls (D:4)
  4 adders
  A worm (D:3)
  A dart slug (D:1)
  8 orcs
  4 ball pythons
  9 endoplasms
  3 giant cockroaches
  16 goblins
  6 hobgoblins
  2 quokkas (D:4)
  3 bats
  4 frilled lizards
  6 kobolds
  6 rats
88 creatures vanquished.

Notes
Turn   | Place    | Note
-------+----------+-------------------------------------------
     0 | D:1      | Arzdou the Deep Elf Ice Elementalist began the quest for
                  | the Orb.
     0 | D:1      | Reached XP level 1. HP: 10/10 MP: 6/6
    14 | D:1      | You fall into a shaft and drop 1 floor!
   302 | D:1      | Reached XP level 2. HP: 12/15 MP: 4/8
  1185 | D:2      | Reached skill level 5 in Ice Magic
  1185 | D:2      | Reached XP level 3. HP: 19/19 MP: 8/10
  1189 | D:2      | Learned a level 3 spell: Frozen Ramparts
  1193 | D:2      | Learned a level 3 spell: Ozocubu's Armour
  1267 | D:2      | Noticed Jessica
  1275 | D:2      | Killed Jessica
  1481 | D:2      | Reached XP level 4. HP: 21/24 MP: 10/12
  1968 | D:3      | Found a faded altar of an unknown god.
  2002 | D:3      | Reached skill level 5 in Spellcasting
  2004 | D:3      | Noticed Robin
  2014 | D:3      | Killed Robin
  2263 | D:3      | Noticed a scorpion
  2270 | D:3      | Killed a scorpion
  2271 | D:3      | Reached XP level 5. HP: 13/28 MP: 6/15
  2389 | D:3      | Noticed an ogre
  2397 | D:3      | Killed an ogre
  2398 | D:3      | Reached XP level 6. HP: 32/32 MP: 9/17
  2772 | D:4      | Noticed Natasha
  2813 | D:4      | Killed Natasha
  2911 | D:4      | Learned a level 2 spell: Jinxbite
  2914 | D:4      | Noticed Eustachio
  2924 | D:4      | Killed Eustachio
  2925 | D:4      | Reached XP level 7. HP: 26/36 MP: 11/19
  3163 | D:4      | Noticed Ijyb
  3174 | D:4      | Killed Ijyb
  3736 | D:4      | Noticed Natasha
  3742 | D:4      | Killed Natasha
  3898 | D:4      | Killed from afar by an orc wizard

Illustrated notes

Levels and vault maps discovered:
D:1:      dpeg_arrival_round_b, layout_loops_ring
D:2:      layout_basic, serial_bayou, serial_bayou_pond_d, serial_bayou_lake_a,
          serial_bayou_pond_a, serial_bayou_lagoon_b, nrook_loot_triangle,
          uniq_jessica
D:3:      layout_rooms, ebering_ecumenical_altar_mist, uniq_robin
D:4:      layout_loops_cross, uniq_eustachio, uniq_natasha, uniq_ijyb

Skill      XL: |  1  2  3  4  5  6  7 |
---------------+----------------------+-----
Spellcasting   | 4 5 6 7 |  7.9
Ice Magic      | 5 6 7 |  7.5
Hexes          | 2 3 |  3.2
Dodging        | |  2.4
Stealth        | |  2.4

Action                     |  1- 3 |  4- 6 |  7- 9 || total
---------------------------+-------+-------+-------++-------
  Melee: Rapier            |     7 |       |     7 ||    14
         Sling             |       |       |     3 ||     3
   Fire: Sling             |       |    74 |    31 ||   105
   Cast: Freeze            |    39 |    42 |    19 ||   100
         Frozen Ramparts   |       |     6 |     6 ||    12
         Ozocubu's Armour  |       |     3 |     4 ||     7
         Jinxbite          |       |       |     1 ||     1
 Armour: Robe              |    19 |    24 |    30 ||    73
  Dodge: Dodged            |    25 |    24 |     8 ||    57

Table legend: (Time is in decaauts)
 A = Elapsed time spent in this place.
 B = Non-inter-level travel time spent in this place.
 C = Inter-level travel time spent in this place.
 D = Time resting spent in this place.
 E = Time spent auto-exploring this place.
 F = Levels seen in this place.
 G = Mean time per level.
                   A        B        C        D        E       F      G
               +--------+--------+--------+--------+--------+-----+--------+
         Total |   4004 |   3890 |    114 |      0 |   3323 |   4 | 1001.0 |
       Dungeon |   4004 |   3890 |    114 |      0 |   3323 |   4 | 1001.0 |
               +--------+--------+--------+--------+--------+-----+--------+

Top non-repeatable levels by time:
     D:4: 1146 daAuts
     D:3: 1064 daAuts
     D:2: 994 daAuts
     D:1: 799 daAuts
